AoeStats
← gabisan

Black Forest

508007389Analyzed
3v3 RM · 13d ago on Sep 20, 2026· 91m 29s· 6 players
Game mode
Random Map
Map size
Normal (6 player)
Population
200
Speed
Normal
Resources
Standard
Victory
Conquest
Starting age
Dark Age
Ending age
Imperial Age
RankedLock teamsTeams togetherTeam positionsShared explorationLock speedFull tech treeHidden civsTurbo modeCheats
Victory
Defeat
🇻🇳 Khmer · Vietnam
1006
+14
🇹🇷 Goths · Türkiye
1005
+14
🇷🇺 Vietnamese · Russia
984
+14
🇷🇴 Romans · Romania
958
-14
🇷🇴 Turks · Romania
957
-14
🇷🇴 Spanish · Romania
953
-14
email_to_mihai
1:06 Loom
14:50 Feudal Age
20:35 Castle Age
20:46 Stone Mining
20:45 Double-Bit Axe
20:42 Horse Collar
20:55 Gold Mining
22:21 Bow Saw
25:16 Heavy Plow
26:41 Wheelbarrow
31:36 Imperial Age
30:10 Caravan
30:29 Husbandry
30:39 Bloodlines
29:50 Light Cavalry
30:28 Fletching
31:41 Scale Barding Armor
32:29 Hand Cart
32:33 Cavalier
34:36 Scale Mail Armor
34:48 Forging
35:16 Padded Archer Armor
35:41 Conscription
37:01 Bodkin Arrow
37:27 Chain Barding Armor
37:30 Ballistics
38:11 Chemistry
36:49 Hussar
39:12 Elite Conquistador
41:18 Onager
41:36 Man-at-Arms
42:02 Gambesons
42:03 Arson
44:14 Pikeman
44:55 Squires
47:22 Long Swordsman
49:44 Chain Mail Armor
50:05 Iron Casting
49:31 Bracer
50:53 Plate Barding Armor
50:36 Paladin
53:18 Plate Mail Armor
53:50 Blast Furnace
53:05 Leather Archer Armor
57:51 Ring Archer Armor
highrisk
12:12 Feudal Age
16:19 Double-Bit Axe
16:16 Horse Collar
23:41 Castle Age
22:03 Fletching
22:15 Scale Mail Armor
22:12 Gold Mining
22:51 Loom
23:42 Wheelbarrow
22:54 Town Watch
29:31 Stone Mining
31:23 Heavy Plow
31:39 Bow Saw
32:17 Caravan
34:13 Hand Cart
33:58 Town Patrol
36:44 Bodkin Arrow
37:05 Chain Mail Armor
36:55 Scale Barding Armor
37:20 Man-at-Arms
38:23 Fortified Wall
38:20 Long Swordsman
39:36 Squires
40:06 Ballistics
40:04 Forging
42:46 Imperial Age
41:38 Gold Shaft Mining
44:38 Coinage
44:25 Ballistas
45:55 Chemistry
45:01 Siege Engineers
45:08 Masonry
44:54 Murder Holes
45:17 Heavy Scorpion
47:04 Elite Centurion
50:59 Light Cavalry
51:49 Bloodlines
51:40 Husbandry
54:40 Crop Rotation
86:01 Legionary
89:44 Architecture
91:09 Chain Barding Armor
gabisan
0:28 Loom
15:23 Feudal Age
20:11 Castle Age
19:53 Stone Mining
19:52 Double-Bit Axe
22:07 Horse Collar
22:44 Gold Mining
30:04 Gold Shaft Mining
30:35 Caravan
31:07 Coinage
35:39 Imperial Age
35:11 Fortified Wall
35:49 Bow Saw
36:55 Arrowslits
37:21 Masonry
37:33 Ballistics
37:37 Conscription
38:16 Banking
38:16 Artillery
39:21 Heavy Plow
40:23 Wheelbarrow
40:42 Architecture
40:04 Fletching
40:47 Heated Shot
43:05 Hoardings
43:59 Husbandry
44:10 Bloodlines
44:21 Scale Mail Armor
44:27 Scale Barding Armor
44:23 Padded Archer Armor
45:54 Chain Mail Armor
45:49 Forging
46:01 Bombard Tower
48:57 Hand Cart
50:19 Town Watch
51:56 Bodkin Arrow
59:09 Town Watch
70:57 Town Patrol
73:00 Heavy Scorpion
74:42 Capped Ram
82:19 Siege Ram
84:59 Plate Mail Armor
85:05 Iron Casting
alterg27
6:03 Loom
14:32 Feudal Age
15:58 Double-Bit Axe
15:58 Horse Collar
18:50 Gold Mining
21:29 Castle Age
20:01 Fishing Lines
21:52 Wheelbarrow
21:11 Stone Mining
23:26 Scale Barding Armor
24:51 Heavy Plow
25:11 Bow Saw
26:11 Town Watch
26:47 Hand Cart
27:20 Forging
27:02 Fletching
32:18 Imperial Age
31:50 Squires
31:57 Town Patrol
31:47 Arson
31:26 Man-at-Arms
34:28 Elite Skirmisher
35:14 Thumb Ring
35:37 Paper Money
35:18 Chatras
36:23 Two-Man Saw
35:48 Ballistics
35:46 Fortified Wall
35:02 Pikeman
37:05 Chemistry
38:08 Caravan
38:24 Treadmill Crane
38:40 Murder Holes
39:16 Halberdier
40:12 Bloodlines
39:23 Light Cavalry
40:04 Husbandry
39:35 Elite Fire Lancer
39:39 Long Swordsman
41:01 Bombard Tower
40:34 Guard Tower
40:07 Two-Handed Swordsman
41:57 Scale Mail Armor
42:32 Iron Casting
42:18 Chain Barding Armor
41:54 Bodkin Arrow
42:00 Padded Archer Armor
41:25 Imperial Skirmisher
46:26 Arrowslits
48:56 Chain Mail Armor
49:00 Bracer
50:22 Leather Archer Armor
58:42 Elite Battle Elephant
72:28 Ring Archer Armor
72:34 Plate Barding Armor
72:30 Plate Mail Armor
krikoO
1:00 Loom
13:31 Feudal Age
17:46 Castle Age
16:00 Double-Bit Axe
16:47 Horse Collar
34:15 Imperial Age
32:54 Anarchy
33:45 Caravan
33:49 Pikeman
35:07 Ballistics
34:24 Halberdier
35:15 Gold Mining
35:38 Forging
35:29 Scale Mail Armor
36:11 Heavy Plow
37:57 Wheelbarrow
36:53 Elite Huskarl
38:21 Light Cavalry
39:14 Bloodlines
39:41 Iron Casting
39:21 Chain Mail Armor
39:23 Hussar
40:18 Perfusion
40:43 Conscription
40:47 Hand Cart
42:29 Chemistry
43:29 Crop Rotation
43:59 Bow Saw
47:15 Blast Furnace
46:50 Scale Barding Armor
46:51 Squires
58:58 Onager
agnak3
10:49 Feudal Age
13:09 Double-Bit Axe
17:35 Castle Age
15:28 Horse Collar
16:36 Fishing Lines
19:37 Bow Saw
20:25 Loom
22:07 Wheelbarrow
22:32 Heavy Plow
22:24 Gold Mining
22:26 Stone Mining
22:34 Gillnets
27:16 Imperial Age
26:22 Gold Shaft Mining
26:21 Town Watch
27:27 Hand Cart
29:54 Crop Rotation
30:02 Stone Shaft Mining
31:17 Town Patrol
32:23 Conscription
34:24 Chemistry
33:44 Ballistics
33:16 Fletching
34:39 Tusk Swords
35:15 Bodkin Arrow
35:27 Scale Barding Armor
35:31 Padded Archer Armor
35:52 Masonry
35:50 Siege Engineers
35:54 Pikeman
36:20 Arson
36:38 Bracer
36:53 Leather Archer Armor
37:22 Hoardings
37:33 Caravan
38:13 Elite Battle Elephant
39:04 Bloodlines
38:55 Husbandry
38:25 Halberdier
38:57 Light Cavalry
40:34 Chain Barding Armor
40:25 Forging
42:28 Plate Barding Armor
42:30 Iron Casting
41:57 Scale Mail Armor
42:30 Architecture
42:11 Fortified Wall
42:25 Hussar
45:57 Elite Ballista Elephant
46:50 Double Crossbow
46:21 Sappers
47:22 Ring Archer Armor
48:05 Onager
50:59 Blast Furnace
50:15 Chain Mail Armor
49:58 Murder Holes
53:22 Sappers
60:07 Guard Tower
82:08 Keep
Connection lost

Rejoining the realm…

Still unreachable

The connection could not be restored.

Session expired

The server has moved on; the page needs a fresh start.